 Dungeon Crawl Stone Soup version 0.27-a0-906-g0a00ce863d (webtiles) character file.

Game seed: 4962614401410988468

221 Alarkh the Insei (level 5, -2/42 HPs)
             Began as a Demonspawn Gladiator on Apr 7, 2021.
             Slain by a water moccasin (5 damage)
             ... on level 3 of the Dungeon.
             The game lasted 00:03:41 (2756 turns).

Alarkh the Insei (Demonspawn Gladiator)             Turns: 2756, Time: 00:03:41

Health: -2/42      AC:  6    Str: 14    XL:     5   Next: 65%
Magic:  5/5        EV: 12    Int: 11    God:
Gold:   38         SH:  0    Dex: 14    Spells: 4/4 levels left

rFire    . . .     SeeInvis .     - Unarmed
rCold    . . .     Faith    .   (no shield)
rNeg     . . .     Spirit   .   a - +0 leather armour
rPois    .         Reflect  .   b - +0 helmet
rElec    .         Harm     .   (no cloak)
rCorr    .         Rampage  .   (no gloves)
Will     +....                  (no boots)
Stlth    +.........             (no amulet)
HPRegen  0.14/turn              j - ring of willpower
MPRegen  0.09/turn              (no ring)

@: lethally poisoned (-2 -> -5)
A: thin metallic scales 1, powered by death 2
a: no special abilities


You were on level 3 of the Dungeon.
You visited 1 branch of the dungeon, and saw 3 of its levels.
You also visited: Sewer.

You collected 38 gold pieces.

Inventory:

Missiles
 c - 3 throwing nets (quivered)
 i - 2 poisoned darts
Armour
 a - a +0 leather armour (worn)
 b - a +0 helmet (worn)
Jewellery
 j - a ring of willpower (left hand)
Scrolls
 d - 2 scrolls of amnesia
 g - a scroll of enchant armour {unknown}
 h - a scroll of vulnerability {unknown}
 k - a scroll of noise {unknown}
Potions
 e - a potion of flight


   Skills:
 + Level 3.7 Fighting
 - Level 1.7 Throwing
 - Level 2.6 Dodging
 * Level 5.0 Unarmed Combat


You had 4 spell levels left.
You didn't know any spells.
Your spell library contained the following spells:

 Spells                   Type           Power      Damage    Failure   Level
 Borgnjor's Revivificati  Necr           0%         N/A       100%        8
 Infestation              Necr           0%         N/A       100%        8
 Necromutation            Tmut/Necr      0%         N/A       100%        8
 Death's Door             Necr           0%         N/A       100%        9


Dungeon Overview and Level Annotations

Branches:
Dungeon (3/15)              Sewer (visited)

Altars:

Annotations:
D:2 Sigmund


Innate Abilities, Weirdness & Mutations

You are partially covered in thin metallic scales. (AC +2)
You regenerate health from kills.


Message History

You are more poisoned.
The water moccasin poisons you! The water moccasin misses you.
You feel much better.
You feel very sick.
The water moccasin completely misses you.
You hit the water moccasin but do no damage.
The water moccasin is heavily wounded.
You feel very sick.
The water moccasin bites you but does no damage.
You punch the water moccasin!
The water moccasin is severely wounded.
You feel very sick.
The water moccasin closely misses you. x2
You barely miss the water moccasin.
The water moccasin is severely wounded.
You feel very sick. The water moccasin barely misses you.
You barely miss the water moccasin.
The water moccasin is severely wounded.
You feel sick.
The water moccasin completely misses you.
You hit the water moccasin.
The water moccasin is almost dead.
You feel sick. The water moccasin closely misses you.
You closely miss the water moccasin.
The water moccasin is almost dead.
You feel sick. The water moccasin barely misses you.
The water moccasin bites you but does no damage.
You closely miss the water moccasin.
The water moccasin is almost dead.
You feel sick. The water moccasin bites you.
You hit the water moccasin.
The water moccasin is almost dead.
You feel sick. The water moccasin misses you.
You miss the water moccasin.
The water moccasin is almost dead.
You feel sick. The water moccasin bites you!
* * * LOW HITPOINT WARNING * * *
The water moccasin bites you.
You die...

##########...#........#### ######
......(.................. ......
........................ ...####
#######.##...#.....)..####.......
#.##...#...................
#.##...#..............8....
#.##...#(..................
#.##...###...............##
#....<.# #@####.....#>#..
#P.....# #S# #.....# #.. P.....
.......#.###.#..
....#####+######.....#.#
.........####.# # ....####.#
##.#.# .. #.# #≈≈≈ ###.###≈###≈
#### #......≈≈≈≈≈


You could see a water moccasin.

Vanquished Creatures
  A kobold brigand (Sewer)
  6 gnolls
  An adder (D:2)
  3 river rats
  An adder zombie (D:3)
  A dart slug (D:1)
  An endoplasm (D:1)
  2 giant cockroaches (D:3)
  5 goblins
  3 hobgoblins (D:1)
  2 jackals (Sewer)
  10 kobolds
  A quokka (D:1)
  2 ball pythons
  A ball python skeleton (D:3)
  5 bats
  2 frilled lizards (D:1)
  A giant cockroach zombie (D:3)
  A jackal zombie (D:3)
  A quokka skeleton (D:3)
  9 rats
59 creatures vanquished.

Notes
Turn   | Place    | Note
-------+----------+-------------------------------------------
     0 | D:1      | Alarkh the Demonspawn Gladiator began the quest for the
                  | Orb.
     0 | D:1      | Reached XP level 1. HP: 16/16 MP: 1/1
   206 | D:1      | Reached skill level 3 in Unarmed Combat
   242 | D:1      | Gained mutation: You regenerate a little health from kills.
                  | [demonic ancestry]
   242 | D:1      | Reached XP level 2. HP: 16/22 MP: 2/2
  1135 | D:2      | Gained mutation: You regenerate health from kills. [demonic
                  | ancestry]
  1135 | D:2      | Reached XP level 3. HP: 28/28 MP: 3/3
  1404 | D:2      | Noticed Sigmund
  1613 | D:2      | Reached skill level 4 in Unarmed Combat
  1613 | D:2      | Gained mutation: You are partially covered in thin metallic
                  | scales. (AC +2) [demonic ancestry]
  1613 | D:2      | Reached XP level 4. HP: 20/34 MP: 4/4
  1845 | D:3      | Found a faded altar of an unknown god.
  2091 | D:3      | Found a glowing drain.
  2144 | Sewer    | Entered a sewer
  2158 | Sewer    | Reached XP level 5. HP: 41/41 MP: 5/5
  2294 | Sewer    | Reached skill level 5 in Unarmed Combat
  2737 | D:3      | Noticed a water moccasin
  2756 | D:3      | Slain by a water moccasin

Illustrated notes

Levels and vault maps discovered:
D:1:      dpeg_arrival_fog, layout_loops_ring
D:2:      layout_basic, kennysheep_generic_room_7, uniq_sigmund
D:3:      layout_basic, nicolae_hepliaklqana_monster_ancestors,
          lemuel_doored_altar, portal_sewer_entry_c, serial_undead,
          serial_undead_b, serial_undead_e, serial_undead_e, serial_undead_d,
          basic_ecumenical_altar, minmay_crystal_water

Skill      XL: |  1  2  3  4  5 |
---------------+----------------+-----
Unarmed Combat | 3 4 5 |  5.0
Fighting       | 3 |  3.7
Throwing       | |  1.7
Dodging        | |  2.6

Action                   |  1- 3 |  4- 6 || total
-------------------------+-------+-------++-------
Melee: Unarmed           |   132 |   182 ||   314
       Punch             |       |     4 ||     4
  Use: Scroll            |     1 |       ||     1
       Potion            |       |     6 ||     6
 Stab: Sleeping          |     1 |       ||     1
Armor: Leather armour    |    31 |    64 ||    95
Dodge: Dodged            |    79 |   115 ||   194

Table legend: (Time is in decaauts)
 A = Elapsed time spent in this place.
 B = Non-inter-level travel time spent in this place.
 C = Inter-level travel time spent in this place.
 D = Time resting spent in this place.
 E = Time spent auto-exploring this place.
 F = Levels seen in this place.
 G = Mean time per level.
                   A        B        C        D        E       F      G
               +--------+--------+--------+--------+--------+-----+--------+
         Total |   2799 |   2697 |    102 |    845 |   1208 |   4 |  699.8 |
       Dungeon |   2275 |   2173 |    102 |    681 |    996 |   3 |  758.3 |
         Sewer |    523 |    523 |      0 |    164 |    211 |   1 |  523.0 |
               +--------+--------+--------+--------+--------+-----+--------+

Top non-repeatable levels by time:
     D:1: 1342 daAuts
   Sewer: 523 daAuts
     D:3: 481 daAuts
     D:2: 452 daAuts
